 Dungeon Crawl Stone Soup version 0.30.1-9-gdf580d7c3d (webtiles) character file.

Game seed: 12254973433887273429

89 Dillybarz the Trooper (level 4, 0/40 HPs)
             Began as a Minotaur Fighter on Oct 17, 2023.
             Slain by a goblin
             ... wielding a +0 dagger
              (1 damage)
             ... on level 4 of the Dungeon.
             The game lasted 00:07:19 (2231 turns).

Dillybarz the Trooper (Minotaur Fighter)            Turns: 2231, Time: 00:07:20

Health: 0/40       AC:  8    Str: 22    XL:     4   Next: 31%
Magic:  3/3        EV:  9    Int:  5    God:
Gold:   137        SH:  4    Dex: 10    Spells: 3/3 levels left

rFire   . . .        a - +0 war axe
rCold   . . .        c - +0 buckler
rNeg    . . .        b - +0 scale mail
rPois   .            (helmet restricted)
rElec   .            (no cloak)
rCorr   .            h - +0 pair of gloves
SInv    .            (no boots)
Will    .....        (no amulet) Stlth
                     (no ring)
HPRegen 0.26/turn    (no ring)
MPRegen 0.08/turn

%: no passive effects
@: lethally poisoned (0 -> -2)
A: horns 2, retaliatory headbutt
a: no special abilities


You were on level 4 of the Dungeon.
You visited 1 branch of the dungeon, and saw 5 of its levels.

You collected 137 gold pieces.

Inventory:

Hand Weapons
 a - a +0 war axe (weapon)
Missiles
 j - 10 stones (quivered)
Armour
 b - a +0 scale mail (worn)
 c - a +0 buckler (worn)
 h - a +0 pair of gloves (worn)
Wands
 p - a wand of flame (14)
Scrolls
 e - 3 scrolls of fear {unknown}
 f - 2 scrolls of noise {unknown}
 g - a scroll of blinking {unknown}
 l - 3 scrolls of identify {unknown}
 n - a scroll of acquirement {unknown}
 o - a scroll of enchant weapon {unknown}
Potions
 d - 2 potions of might
 i - 3 potions of curing {unknown}
 k - a potion of heal wounds {unknown}
 m - a potion of degeneration {unknown}


   Skills:
 + Level 4.3 Fighting
 * Level 4.0 Axes
 + Level 4.2 Armour
 + Level 4.2 Shields


You had 3 spell levels left.
You didn't know any spells.
Your spell library contained the following spells:

 Spells                   Type           Power      Damage    Failure   Level
 Magic Dart               Conj           0%         1d3       86%         1
 Sting                    Tmut/Pois      0%         1d3       86%         1
 Call Imp                 Summ           0%         N/A       94%         2
 Poisonous Vapours        Pois/Air       0%         N/A       94%         2
 Mephitic Cloud           Conj/Pois/Air  0%         N/A       99%         3
 Olgreb's Toxic Radiance  Pois           0%         N/A       100%        4


Dungeon Overview and Level Annotations

Branches:
Dungeon (5/15)
 Temple: D:4-7

Altars:

Shops:
D:2 [


Innate Abilities, Weirdness & Mutations

You have a pair of horns on your head.
You reflexively headbutt those who attack you in melee.


Message History

The scorpion stings you but does no damage.
You feel sick.
You feel sick.
You feel sick.
You feel sick. The scorpion attacks as you move away!
The scorpion closely misses you.
Found a book of Dreams.
You feel sick. The scorpion barely misses you.
You feel sick. The scorpion attacks as you move away! The scorpion stings you.
* * * LOW HITPOINT WARNING * * *
You are more poisoned.
The scorpion poisons you!
* * * LOW HITPOINT WARNING * * *
You feel very sick.
There is a stone staircase leading up here.
* * * LOW HITPOINT WARNING * * *
You feel sick. The scorpion barely misses you. You furiously retaliate!
You headbutt the scorpion.
You climb upwards.
The goblin shouts!
The black bear growls angrily.
You feel sick.
Found 9 gold pieces.
There is a stone staircase leading down here.
You hit the scorpion.
The scorpion is moderately wounded.
You miss the goblin.
* * * LOW HITPOINT WARNING * * *
You feel sick.
The scorpion stings you but does no damage.
A phantom comes into view.
You block the goblin's attack. The scorpion stings you.
* * * LOW HITPOINT WARNING * * *
You hit the scorpion but do no damage. You headbutt the scorpion!
The scorpion is severely wounded.
You closely miss the goblin.
* * * LOW HITPOINT WARNING * * *
You feel sick.
The scorpion stings you but does no damage.
The goblin hits you with a +0 dagger.
You die...

#~.. #~~.###
#8~...#####
#~~....#..#
#~........#
..#........#
#.......sh##
#..$..@g..#
#.......###
..........#
.........##
..........
.........#.
....W....##
.........#


You could see a black bear, a phantom, a scorpion and a goblin.

Vanquished Creatures
  4 adders (D:2)
  A worm (D:2)
  2 dart slugs (D:2)
  4 endoplasms
  A giant cockroach (D:1)
  6 hobgoblins
  3 jackals (D:2)
  5 kobolds
  2 quokkas (D:2)
  2 ball pythons (D:2)
  3 bats
  2 frilled lizards (D:1)
  5 goblins
  5 rats
45 creatures vanquished.

Notes
Turn   | Place    | Note
-------+----------+-------------------------------------------
     0 | D:1      | Dillybarz the Minotaur Fighter began the quest for the Orb.
     0 | D:1      | Reached XP level 1. HP: 19/19 MP: 0/0
    91 | D:1      | Reached XP level 2. HP: 23/27 MP: 1/1
   662 | D:1      | Found a faded altar of an unknown god.
   824 | D:2      | Reached XP level 3. HP: 33/33 MP: 2/2
  1307 | D:2      | Reached XP level 4. HP: 40/40 MP: 3/3
  1628 | D:2      | Found Loskac's Armour Emporium.
  2190 | D:3      | You fall into a shaft and drop 2 floors!
  2190 | D:5      | Entered Level 5 of the Dungeon
  2193 | D:5      | Noticed a scorpion
  2197 | D:5      | Noticed an ogre
  2229 | D:4      | Noticed a black bear
  2230 | D:4      | Noticed a phantom
  2230 | D:4      | HP: 2/40 [scorpion (3)]
  2231 | D:4      | Slain by a goblin

Illustrated notes

Levels and vault maps discovered:
D:1:      heliophobic_arrival_battle_scene, layout_basic,
          shapermc_ecumenical_altar_petra
D:2:      layout_loops_corners, serial_co_window_serial, co_window_paths_b,
          co_window_corner_a, co_window_corner_a, co_window_of_opportunity_a,
          co_window_corner_a, co_window_cross_4, co_window_broadway_a,
          co_window_of_opportunity_c, co_window_2corner, co_window_paths_c,
          glass_columns_b, glass_columns_b, glass_columns_a, glass_columns_c,
          serial_shops, nicolae_shop_pleasant_corner_grove
D:3:      layout_basic, dk_yredelemnul_ordeal, serial_shops, shop, shop,
          nicolae_shop_bloodbath_and_beyond, shop, nicolae_shop_real_fake_doors,
          grunt_decor_cap
D:4:      layout_cave_pools, cheibriados_altar_1, moated_statue,
          small_statue_intersection
D:5:      layout_layer_cave, serial_glass, glass_columns_b, glass_columns_b,
          glass_columns_a, glass_columns_b, glass_columns_b, glass_columns_c,
          glass_columns_b, glass_columns_a, glass_columns_a, glass_columns_a,
          feat_on_display, due_unseen_surprise, amethyst_killhole, uniq_duvessa

Skill      XL: |  1  2  3  4 |
---------------+-------------+-----
Axes           | 3 4 |  4.0
Fighting       | 4 |  4.3
Shields        | 4 |  4.2
Armour         | 4 |  4.2

Action                     |  1- 3 |  4- 6 || total
---------------------------+-------+-------++-------
  Melee: War axe           |    79 |    19 ||    98
         Headbutt          |    10 |     4 ||    14
 Armour: Scale mail        |    34 |    14 ||    48
  Dodge: Dodged            |    24 |    12 ||    36
  Block: Buckler           |    12 |     5 ||    17
